 Dungeon Crawl Stone Soup version 0.25-a0-99-gfcdb843 (webtiles) character file.

Game seed: 17853341375103169763, levelgen mode: deterministic

196843 AlmostDecent the Blocker (level 18, -1/143 HPs)
             Began as a Gnoll Fighter on Nov 13, 2019.
             Was a High Priest of Okawaru.
             Slain by an ettin
             ... wielding a +2 dire flail of draining
              (8 damage)
             ... on level 2 of the Vaults.
             The game lasted 02:41:35 (31144 turns).

AlmostDecent the Blocker (Gnoll Fighter)           Turns: 31144, Time: 02:41:35

Health: -1/143     AC: 25    Str: 23    XL:     18   Next: 38%
Magic:  43/43      EV: 18    Int: 20    God:    Okawaru [*****.]
Gold:   1813       SH: 15    Dex: 15    Spells: 31/41 levels left

rFire    + . .     SeeInvis .   O - +3 war axe (venom)
rCold    . . .     Gourm    .   P - +0 shield {reflect}
rNeg     . . .     Faith    +   A - +0 chain mail {MR+}
rPois    +         Spirit   .   B - +0 helmet {Int+3}
rElec    .         Reflect  +   a - +1 cloak {MR+}
rCorr    .         Harm     .   U - +1 pair of gloves
MR       +++..                  W - +2 pair of boots of the Loofah {rF+ Stlth+}
Stlth    +++++.....             S - amulet of Ylenwul {Faith rC+ Int+3 Stlth+}
HPRegen  0.33/turn              F - ring "Hoyhes" {rPois rC- MP+9 Dex-3 Slay+6}
MPRegen  0.28/turn              v - +3 ring of dexterity

@: heroism, lightly drained
A: distributed training, fangs 1, strong nose
}: 1/15 runes: serpentine
a: Heroism, Finesse, Renounce Religion


You were on level 2 of the Vaults.
You worshipped Okawaru.
Okawaru was extremely pleased with you.
You were very hungry.

You visited 5 branches of the dungeon, and saw 29 of its levels.
You also visited: Sewer and Ossuary.

You collected 3151 gold pieces.
You spent 1338 gold pieces at shops.

Inventory:

Hand Weapons
 K - a +2 hand axe of flaming
 O - a +3 war axe of venom (weapon)
 R - a +5 antimagic hand axe
Missiles
 n - 4 boomerangs of dispersal
 p - 331 sling bullets
 x - 6 boomerangs (quivered)
Armour
 a - a +1 cloak of magic resistance (worn)
 A - a +0 chain mail of magic resistance (worn)
 B - a +0 helmet of intelligence (worn)
 G - a +2 plate armour of fire resistance
 P - a +0 shield of reflection (worn)
 U - a +1 pair of gloves (worn)
 W - the +2 pair of boots of the Loofah (worn) {rF+ Stlth+}
   (Okawaru gifted it to you on level 3 of the Lair of Beasts)

   It protects you from fire.
   It makes you more stealthy.
Jewellery
 t - an uncursed ring of flight
 v - a +3 ring of dexterity (right hand)
 F - the ring "Hoyhes" (left hand) {rPois rC- MP+9 Dex-3 Slay+6}
   (You found it on level 10 of the Dungeon)

   [ring of magical power]

   It affects your dexterity (-3).
   It affects your accuracy and damage with ranged weapons and melee attacks
   (+6).
   It makes you vulnerable to cold.
   It protects you from poison.
   It affects your magic capacity (+9).
 I - an uncursed ring of protection from fire
 J - an uncursed ring of protection from cold
 L - an uncursed ring of resist corrosion
 M - the ring "Ychi" {rElec Int+2 Dex-4 SInv}
   (You found it on level 7 of the Dungeon)

   [ring of intelligence]

   It affects your intelligence (+2).
   It affects your dexterity (-4).
   It insulates you from electricity.
   It lets you see invisible.
 S - the amulet of Ylenwul (around neck) {Faith rC+ Int+3 Stlth+}
   (You bought it in a shop on level 2 of the Orcish Mines)

   [amulet of faith]

   It allows you to gain divine favour quickly.
   It affects your intelligence (+3).
   It protects you from cold.
   It makes you more stealthy.
Wands
 b - a wand of clouds (3)
 g - a wand of acid (16)
 u - a wand of enslavement (35)
 w - a wand of scattershot (9)
 N - a wand of iceblast (7)
 X - a wand of polymorph (19)
 Z - a wand of paralysis (23)
Scrolls
 i - a scroll of identify
 j - 2 scrolls of fog
 k - 16 scrolls of teleportation
 l - 6 scrolls of magic mapping
 m - 5 scrolls of enchant weapon
 o - a scroll of holy word
 r - 23 scrolls of remove curse
 y - a scroll of enchant armour
 z - 4 scrolls of amnesia
 E - 3 scrolls of silence
 Q - a scroll of brand weapon
 T - 3 scrolls of fear
Potions
 c - 2 potions of flight
 d - a potion of might
 e - 7 potions of haste
 h - 4 potions of brilliance
 q - 4 potions of resistance
 s - 3 potions of magic
 C - 3 potions of mutation
 H - 4 potions of curing
 Y - a potion of agility
Miscellaneous
 V - a lightning rod (4/4)
Comestibles
 f - 45 rations


   Skills:
 + Level 13.3(17.5) Fighting
 + Level 12.0(16.2) Short Blades
 + Level 12.0(16.2) Long Blades
 + Level 12.7(16.9) Axes
 + Level 12.0(16.2) Maces & Flails
 + Level 12.0(16.2) Polearms
 + Level 12.0(16.2) Staves
 + Level 12.0(16.2) Slings
 + Level 12.0(16.2) Bows
 + Level 12.0(16.2) Crossbows
 + Level 12.0(16.2) Throwing
 + Level 13.3(17.5) Armour
 + Level 12.0(16.2) Dodging
 + Level 12.0(16.2) Stealth
 + Level 13.3(17.5) Shields
 + Level 12.0(16.2) Unarmed Combat
 + Level 12.0(11.3) Spellcasting
 + Level 10.2(9.6) Conjurations
 + Level 10.2(9.6) Hexes
 + Level 10.2(9.6) Charms
 + Level 10.2(9.6) Summonings
 + Level 10.2(9.6) Necromancy
 + Level 10.2(9.6) Translocations
 + Level 10.2(9.6) Transmutations
 + Level 10.2(9.6) Fire Magic
 + Level 10.2(9.6) Ice Magic
 + Level 10.2(9.6) Air Magic
 + Level 10.2(9.6) Earth Magic
 + Level 10.2(9.6) Poison Magic
 + Level 12.9(12.2) Invocations
 + Level 12.0(11.3) Evocations


You had 31 spell levels left.
You knew the following spells:

 Your Spells              Type           Power        Failure   Level  Hunger
a - Regeneration          Chrm/Necr      #####.....   1%          3    None
b - Animate Dead          Necr           N/A          4%          4    ##.....
c - Vampiric Draining     Necr           #####.....   1%          3    None

Your spell library contained the following spells:

 Spells                   Type           Power        Failure   Level  Hunger
 Animate Skeleton         Necr           N/A          1%          1    None
 Freeze                   Ice            ####         1%          1    None
 Pain                     Necr           ####         1%          1    None
 Shock                    Conj/Air       ####         1%          1    None
 Ensorcelled Hibernation  Hex/Ice        #####.       1%          2    None
 Swiftness                Chrm/Air       #####...     1%          2    None
 Ignite Poison            Fire/Tmut/Pois #####...     1%          3    None
 Ozocubu's Armour         Chrm/Ice       #####...     1%          3    None
 Static Discharge         Conj/Air       #####...     1%          3    None
 Airstrike                Air            #####.....   4%          4    ##.....
 Ice Form                 Ice/Tmut       #####...     4%          4    ##.....
 Borgnjor's Vile Clutch   Necr/Erth      #####.....   13%         5    ####...
 Fireball                 Conj/Fire      #####.....   13%         5    ####...
 Lightning Bolt           Conj/Air       #####.....   13%         5    ####...
 Metabolic Englaciation   Hex/Ice        #####.....   13%         5    ####...
 Silence                  Hex/Air        #####.....   13%         5    ####...
 Bolt of Cold             Conj/Ice       #####.....   56%         6    ######.
 Bolt of Fire             Conj/Fire      #####.....   56%         6    ######.
 Darkness                 Hex            #####.....   56%         6    ######.
 Freezing Cloud           Conj/Ice/Air   #####.....   56%         6    ######.
 Ozocubu's Refrigeration  Ice            #####.....   56%         6    ######.
 Shadow Creatures         Summ           N/A          56%         6    ######.
 Simulacrum               Ice/Necr       #####.....   56%         6    ######.
 Ring of Flames           Chrm/Fire      #####.....   98%         7    #######
 Ignition                 Fire           #####.....   100%        8    #######


Dungeon Overview and Level Annotations

Branches:
Dungeon (15/15)            Temple (0/1) D:6            Lair (6/6) D:11
 Shoals (0/4) Lair:2        Snake (4/4) Lair:4        Slime (0/5) Lair:5
    Orc (2/2) D:9             Elf (0/3) Orc:2        Vaults (2/5) D:13
 Depths (0/5) D:15          Sewer (visited)         Ossuary (visited)
  Crypt: Vaults:2-3

Altars:
Ashenzari
Cheibriados
Dithmenos
Elyvilon
Fedhas
Gozag
Hepliaklqana
Okawaru
Qazlal
Ru
Sif Muna
Trog
Xom
Zin
The Shining One
Beogh

Shops:
D:6 :   D:11 !   Orc:2 =:!:   Snake:2 **   Vaults:1 !

Annotations:
D:7 3 runed translucent doors, timneilson's ghost, novice DsGl
D:15 exclusion: orange crystal statue
Lair:2 exclusion: oklob plant
Lair:3 1 runed translucent door, BubbleThief's ghost, journeyman NaVM
Orc:1 3 runed translucent doors, Rohain's ghost, journeyman MfGl
Vaults:1 3 runed translucent doors, Bioxkugh's ghost, adept GrEE


Innate Abilities, Weirdness & Mutations

Your experience applies equally to all skills.
You have very sharp teeth.
Your uncanny sense of smell can sniff out nearby items.


Message History

The deep elf knight gestures at you while chanting.
The orb of energy hits you.
* * * LOW HITPOINT WARNING * * *
The orb of energy explodes!
The death knight shouts!
You barely miss the deep elf knight.
The deep elf knight is almost dead.
Your surroundings suddenly seem different.
An ettin comes into view.
It is wielding a +2 dire flail of draining and a +0 dire flail.
The ettin shouts in stereo!
You hear a shout!
You are feeling very hungry.
You hit the ettin but do no damage.
The ettin is poisoned.
You bite the ettin.
The ettin is lightly wounded.
You block the ettin's attack. The ettin closely misses you.
You barely miss the ettin.
The ettin is lightly wounded.
The ettin hits you with a +2 dire flail of draining!!
* * * LOW HITPOINT WARNING * * *
You feel drained.
You die...

∆
#############
#....@.......
#.....C......
#............
#............
#............
#............
#............
#............


You could see an ettin.

Vanquished Creatures
  Kirke (Snake:4)
  Donald (Snake:4)
  14 nagarajas
  2 vault wardens
  A frost giant (Vaults:1)
  An ironheart preserver (Vaults:1)
  An entropy weaver (Vaults:1)
  Azrael (D:15)
  5 ogre magi
  2 yaktaur captains (Vaults:1)
  2 great orbs of eyes
  11 naga warriors
  4 hydras
  2 catoblepae (Lair:6)
  2 rakshasas (Vaults:1)
  Erica (D:10)
  19 two-headed ogres
  3 death yaks (Lair:6)
  3 anacondas
  6 centaur warriors (Vaults:1)
  A deep troll shaman (Lair:6)
  2 death knights
  14 naga sharpshooters
  A shock serpent (Snake:2)
  Sonja (Lair:1)
  A deep elf knight (Vaults:1)
  4 skeletal warriors
  4 wizards
  2 unseen horrors
  A spark wasp zombie (D:15)
  2 deep trolls (Orc:1)
  3 naga ritualists
  3 ironbrand convokers (Vaults:1)
  2 necromancers
  5 lindwurms
  A phantasmal warrior (D:15)
  A wolf spider (Vaults:1)
  A wolf spider zombie (D:15)
  2 orc knights
  5 deep elf magi
  11 mana vipers
  A harpy (Vaults:2)
  A manticore (D:15)
  5 cyclopes
  5 ugly things
  5 salamanders
  10 slime creatures
  26 black mambas
  18 guardian serpents
  3 elephants (Lair:6)
  14 naga magi
  2 vault sentinels (Vaults:1)
  A gargoyle (D:14)
  7 spiny frogs
  A spriggan zombie (D:15)
  A yaktaur zombie (D:15)
  6 centaur skeletons
  6 freezing wraiths
  2 yaktaurs
  3 efreet
  3 komodo dragons
  5 rime drakes
  A jumping spider (Vaults:1)
  2 polar bears
  8 trolls
  2 hornets
  22 dream sheep
  10 hippogriffs
  A stone giant simulacrum (Vaults:1)
  10 blink frogs (Lair:3)
  A fire dragon zombie (D:15)
  2 shadows
  A spriggan (D:10)
  Sigmund (D:6)
  A spriggan (shapeshifter) (Vaults:1)
  3 wyverns
  A vampire (D:14)
  3 water elementals (D:12)
  4 wraiths
  A human (shapeshifter) (Vaults:1)
  36 yaks
  2 fire elementals (D:15)
  3 hogs (Snake:4)
  18 humans (D:13)
  A basilisk (D:11)
  3 hungry ghosts
  3 vampire mosquitoes (D:15)
  A human simulacrum (Vaults:2)
  2 soldier ants
  63 nagas
  8 water moccasins
  3 hell hounds (D:15)
  10 porcupines
  2 acid dragons
  3 hornet zombies
  3 black bears
  An ettin simulacrum (Vaults:1)
  23 orc warriors
  5 ice beasts
  28 ogres
  3 sky beasts
  An eye of draining (D:11)
  3 boggarts (Vaults:1)
  19 wolves
  14 centaurs
  A necrophage (D:14)
  12 crocodiles
  24 bullfrogs
  A gnoll sergeant (Orc:2)
  A wyvern zombie (D:14)
  A water moccasin zombie (Ossuary)
  A water moccasin skeleton (D:9)
  A wyvern skeleton (D:10)
  6 scorpions
  10 killer bees
  16 wights
  7 howler monkeys
  5 electric eels
  3 crimson imps
  4 centaur zombies
  6 bullfrog zombies
  3 jellies
  4 hounds
  27 orc wizards
  6 iguanas
  A bullfrog skeleton (D:10)
  18 orc priests
  11 worker ants
  2 hound zombies (Ossuary)
  3 hound skeletons
  16 mummies (Ossuary)
  A howler monkey zombie (Ossuary)
  2 worker ant zombies
  8 gnolls
  13 adders
  4 shadow imps
  An ooze (D:2)
  An adder skeleton (D:7)
  5 adder zombies
  5 worms
  3 dart slugs
  99 orcs
  5 bats
  8 giant cockroaches
  8 hobgoblins
  29 jackals
  4 quokkas
  6 ball pythons
  6 frilled lizards
  7 goblins
  A jackal zombie (Ossuary)
  7 kobolds
  5 leopard gecko zombies (Ossuary)
  2 quokka skeletons
  2 quokka zombies (Ossuary)
  5 rats
  2 fungi (Lair:5)
  13 plants
  A withered plant (D:15)
1049 creatures vanquished.

Vanquished Creatures (collateral kills)
  A nagaraja (Snake:4)
  A vault guard (D:13)
  A naga warrior (Snake:4)
  A naga sharpshooter (Snake:4)
  A naga ritualist (Snake:4)
  3 guardian serpents (Snake:4)
  3 naga magi (Snake:4)
  A slime creature (D:13)
  2 humans (D:13)
  2 nagas (Snake:4)
16 creatures vanquished.

Vanquished Creatures (others)
  A naga warrior (Snake:3)
  A centaur warrior (Vaults:2)
  3 fungi
  11 plants
  A withered plant (Ossuary)
17 creatures vanquished.

Grand Total: 1082 creatures vanquished

Notes
Turn   | Place    | Note
-------+----------+-------------------------------------------
     0 | D:1      | AlmostDecent the Gnoll Fighter began the quest for the Orb.
     0 | D:1      | Reached XP level 1. HP: 23/23 MP: 1/1
   200 | D:1      | Reached XP level 2. HP: 29/29 MP: 2/2
   538 | D:1      | Reached XP level 3. HP: 35/35 MP: 3/3
   622 | D:2      | Reached skill level 1 in Invocations
   686 | D:2      | Reached skill level 1 in Short Blades
   686 | D:2      | Reached skill level 1 in Long Blades
   686 | D:2      | Reached skill level 1 in Maces & Flails
   686 | D:2      | Reached skill level 1 in Polearms
   686 | D:2      | Reached skill level 1 in Staves
   686 | D:2      | Reached skill level 1 in Slings
   686 | D:2      | Reached skill level 1 in Bows
   686 | D:2      | Reached skill level 1 in Crossbows
   686 | D:2      | Reached skill level 1 in Throwing
   686 | D:2      | Reached skill level 1 in Dodging
   686 | D:2      | Reached skill level 1 in Stealth
   686 | D:2      | Reached skill level 1 in Unarmed Combat
   686 | D:2      | Reached skill level 1 in Spellcasting
   686 | D:2      | Reached skill level 1 in Evocations
   709 | D:2      | Reached XP level 4. HP: 37/41 MP: 5/5
  1022 | D:2      | Found a basalt altar of Yredelemnul.
  1024 | D:2      | Found a hazy altar of Hepliaklqana.
  1024 | D:2      | Found a shimmering altar of Xom.
  1026 | D:2      | Found a hazy altar of Hepliaklqana.
  1026 | D:2      | Found a shimmering blue altar of Sif Muna.
  1026 | D:2      | Found a shadowy altar of Dithmenos.
  1291 | D:3      | Found a glowing drain.
  1367 | D:3      | Reached skill level 1 in Conjurations
  1367 | D:3      | Reached skill level 1 in Hexes
  1367 | D:3      | Reached skill level 1 in Charms
  1367 | D:3      | Reached skill level 1 in Summonings
  1367 | D:3      | Reached skill level 1 in Necromancy
  1367 | D:3      | Reached skill level 1 in Translocations
  1367 | D:3      | Reached skill level 1 in Transmutations
  1367 | D:3      | Reached skill level 1 in Fire Magic
  1367 | D:3      | Reached skill level 1 in Ice Magic
  1367 | D:3      | Reached skill level 1 in Air Magic
  1367 | D:3      | Reached skill level 1 in Earth Magic
  1367 | D:3      | Reached skill level 1 in Poison Magic
  1382 | Sewer    | Entered a sewer
  1542 | Sewer    | Reached XP level 5. HP: 47/47 MP: 6/6
  3090 | D:4      | Reached XP level 6. HP: 52/53 MP: 8/8
  3165 | D:4      | Got a faintly glowing ring mail
  3185 | D:4      | Identified the +1 ring mail "Pusadour" {rC+} (You found it
                  | on level 4 of the Dungeon)
  3218 | D:4      | Reached skill level 5 in Axes
  3382 | D:4      | Reached XP level 7. HP: 48/59 MP: 10/10
  3538 | D:4      | Found a shadowy altar of Dithmenos.
  3538 | D:4      | Found a stormy altar of Qazlal.
  3543 | D:4      | Found a hazy altar of Hepliaklqana.
  3546 | D:4      | Found a snail-covered altar of Cheibriados.
  3549 | D:4      | Found a glowing silver altar of Zin.
  3684 | D:4      | Found a shattered altar of Ashenzari.
  3827 | D:5      | Entered Level 5 of the Dungeon
  3979 | D:5      | Found a bloodstained altar of Trog.
  3980 | D:5      | Found an iron altar of Okawaru.
  3997 | D:5      | Became a worshipper of Warmaster Okawaru
  4093 | D:5      | Found a glowing golden altar of the Shining One.
  4093 | D:5      | Found a white marble altar of Elyvilon.
  4093 | D:5      | Found a blossoming altar of Fedhas.
  4429 | D:6      | Found a staircase to the Ecumenical Temple.
  4501 | D:6      | Reached * piety under Okawaru
  4501 | D:6      | Reached XP level 8. HP: 49/67 MP: 12/12
  4540 | D:6      | Found a sand-covered staircase.
  4587 | Ossuary  | Entered an ossuary
  5040 | D:6      | Found Barylok's Book Shop.
  5048 | D:6      | Reached ** piety under Okawaru
  5058 | D:6      | Reached XP level 9. HP: 67/72 MP: 14/14
  5105 | D:6      | Noticed Sigmund
  5118 | D:6      | Killed Sigmund
  5536 | D:7      | Reached *** piety under Okawaru
  5621 | D:7      | Reached skill level 5 in Invocations
  5685 | D:7      | Got a warped golden ring
  5692 | D:7      | Identified the ring "Ychi" {rElec Int+2 Dex-4 SInv} (You
                  | found it on level 7 of the Dungeon)
  5811 | D:7      | Found a runed translucent gate.
  5811 | D:7      | Found a runed translucent gate.
  5811 | D:7      | Found a runed translucent gate.
  5812 | D:7      | Noticed timneilson's ghost (novice DsGl)
  6126 | D:8      | Found an opulent altar of Gozag.
  6456 | D:8      | Noticed a two-headed ogre
  6465 | D:8      | Killed a two-headed ogre
  6465 | D:8      | Reached **** piety under Okawaru
  6465 | D:8      | Received a gift from Okawaru
  6465 | D:8      | Reached XP level 10. HP: 57/80 MP: 15/17
  6792 | D:8      | Reached skill level 5 in Short Blades
  6792 | D:8      | Reached skill level 5 in Long Blades
  6792 | D:8      | Reached skill level 5 in Maces & Flails
  6792 | D:8      | Reached skill level 5 in Polearms
  6792 | D:8      | Reached skill level 5 in Staves
  6792 | D:8      | Reached skill level 5 in Slings
  6792 | D:8      | Reached skill level 5 in Bows
  6792 | D:8      | Reached skill level 5 in Crossbows
  6792 | D:8      | Reached skill level 5 in Throwing
  6792 | D:8      | Reached skill level 5 in Dodging
  6792 | D:8      | Reached skill level 5 in Stealth
  6792 | D:8      | Reached skill level 5 in Unarmed Combat
  6792 | D:8      | Reached skill level 5 in Spellcasting
  6792 | D:8      | Reached skill level 5 in Evocations
  6942 | D:9      | Found a roughly hewn altar of Beogh.
  6942 | D:9      | Found a staircase to the Orcish Mines.
  7251 | D:9      | Identified the cursed +2 arbalest "Conservator" {flame,
                  | rC+}
  7292 | D:9      | Received a gift from Okawaru
  7422 | D:9      | Found a sacrificial altar of Ru.
  7518 | D:9      | Reached ***** piety under Okawaru
  8065 | D:10     | Entered Level 10 of the Dungeon
  8228 | D:10     | Received a gift from Okawaru
  8228 | D:10     | Reached XP level 11. HP: 78/87 MP: 19/19
  8325 | D:10     | Noticed Erica
  8349 | D:10     | Killed Erica
  8538 | D:10     | Received a gift from Okawaru
  8614 | D:10     | Got a flickering platinum ring
  8617 | D:10     | Identified the ring "Hoyhes" {rPois rC- MP+9 Dex-3 Slay+6}
                  | (You found it on level 10 of the Dungeon)
  8684 | D:10     | Reached skill level 5 in Conjurations
  8684 | D:10     | Reached skill level 5 in Hexes
  8684 | D:10     | Reached skill level 5 in Charms
  8684 | D:10     | Reached skill level 5 in Summonings
  8684 | D:10     | Reached skill level 5 in Necromancy
  8684 | D:10     | Reached skill level 5 in Translocations
  8684 | D:10     | Reached skill level 5 in Transmutations
  8684 | D:10     | Reached skill level 5 in Fire Magic
  8684 | D:10     | Reached skill level 5 in Ice Magic
  8684 | D:10     | Reached skill level 5 in Air Magic
  8684 | D:10     | Reached skill level 5 in Earth Magic
  8684 | D:10     | Reached skill level 5 in Poison Magic
  9273 | Orc:1    | Entered Level 1 of the Orcish Mines
  9386 | Orc:2    | Entered Level 2 of the Orcish Mines
  9386 | Orc:2    | Found Refil's Jewellery Shop.
  9386 | Orc:2    | Noticed a two-headed ogre
  9393 | Orc:2    | Killed a two-headed ogre
  9393 | Orc:2    | Received a gift from Okawaru
  9401 | Orc:2    | Noticed a two-headed ogre
  9402 | Orc:2    | Noticed a two-headed ogre
  9407 | Orc:2    | Noticed a two-headed ogre
  9407 | Orc:2    | Noticed an ogre mage
  9409 | Orc:2    | Noticed a deep troll
  9410 | Orc:2    | Killed a two-headed ogre
  9410 | Orc:2    | Received a gift from Okawaru
  9412 | Orc:2    | Noticed a deep troll
  9413 | Orc:2    | Noticed a two-headed ogre
  9414 | Orc:2    | Noticed a cyclops
  9415 | Orc:2    | Noticed an ogre mage
  9420 | Orc:1    | Killed a two-headed ogre
  9508 | Orc:2    | Noticed a two-headed ogre
  9518 | Orc:1    | Killed a two-headed ogre
  9518 | Orc:1    | Received a gift from Okawaru
  9519 | Orc:1    | Killed a deep troll
  9519 | Orc:1    | Reached XP level 12. HP: 39/96 MP: 22/22
  9607 | Orc:2    | Noticed a two-headed ogre
  9613 | Orc:1    | Killed a two-headed ogre
  9613 | Orc:1    | Received a gift from Okawaru
  9715 | Orc:2    | Noticed a two-headed ogre
  9721 | Orc:1    | Killed a two-headed ogre
  9784 | Orc:1    | Killed a two-headed ogre
  9859 | Orc:1    | Killed an ogre mage
  9859 | Orc:1    | Received a gift from Okawaru
  9862 | Orc:1    | Killed a two-headed ogre
  9887 | Orc:2    | Found Biuzeimn's Book Emporium.
  9901 | Orc:2    | Killed an ogre mage
  9947 | Orc:2    | Found Xaxkyojaki's Distillery.
  9948 | Orc:2    | Found Yniyxuneank's Book Emporium.
 10208 | Orc:2    | Found a staircase to the Elven Halls.
 10314 | Orc:2    | Reached skill level 10 in Fighting
 10314 | Orc:2    | Reached skill level 10 in Armour
 10314 | Orc:2    | Reached skill level 10 in Shields
 10958 | Orc:1    | Found a runed translucent gate.
 10961 | Orc:1    | Found a runed translucent gate.
 10964 | Orc:1    | Found a runed translucent gate.
 10966 | Orc:1    | Noticed Rohain's ghost (journeyman MfGl)
 11056 | Orc:1    | Found a roughly hewn altar of Beogh.
 11056 | Orc:1    | Noticed an orc high priest
 11308 | D:11     | Found Qurog's Distillery.
 11345 | D:11     | Noticed a two-headed ogre
 11353 | D:11     | Killed a two-headed ogre
 11353 | D:11     | Reached XP level 13. HP: 97/103 MP: 24/24
 11395 | D:11     | Found a staircase to the Lair.
 11689 | Orc:2    | Bought the amulet of Ylenwul {Faith rC+ Int+3 Stlth+} for
                  | 946 gold pieces
 11788 | Lair:1   | Entered Level 1 of the Lair of Beasts
 11808 | Lair:1   | Noticed Sonja
 12137 | Lair:1   | Killed Sonja
 12286 | Lair:1   | Received a gift from Okawaru
 12644 | Lair:2   | You fall into a shaft and drop 1 floor!
 12718 | Lair:3   | Received a gift from Okawaru
 12740 | Lair:3   | Got a pair of warped boots {god gift}
 12751 | Lair:3   | Identified the +2 pair of boots of the Loofah {rF+ Stlth+}
                  | (Okawaru gifted it to you on level 3 of the Lair of Beasts)
 12812 | Lair:3   | Found a runed translucent door.
 12812 | Lair:3   | Noticed BubbleThief's ghost (journeyman NaVM)
 12816 | Lair:3   | Identified the cursed +0 spear of Soparipo {pierce, rF+
                  | MP+9 Int+4 Dex+5}
 13841 | Lair:4   | Received a gift from Okawaru
 13853 | Lair:4   | Reached XP level 14. HP: 83/111 MP: 26/26
 13930 | Lair:4   | Found a staircase to the Snake Pit.
 14032 | Lair:4   | Reached ****** piety under Okawaru
 14057 | Lair:4   | Received a gift from Okawaru
 14750 | Lair:5   | Reached skill level 10 in Axes
 14751 | Lair:5   | Received a gift from Okawaru
 15110 | Lair:5   | Identified a scroll of acquirement
 15125 | Lair:5   | Found a staircase to the Slime Pits.
 15244 | Lair:6   | Entered Level 6 of the Lair of Beasts
 15281 | Lair:6   | Learned a level 3 spell: Regeneration
 15286 | Lair:6   | Learned a level 4 spell: Animate Dead
 15290 | Lair:6   | Learned a level 3 spell: Vampiric Draining
 15827 | Lair:6   | Reached skill level 10 in Invocations
 16035 | Lair:6   | Received a gift from Okawaru
 16559 | Lair:2   | Found a staircase to the Shoals.
 16592 | Lair:2   | Received a gift from Okawaru
 17364 | D:11     | Received a gift from Okawaru
 17628 | D:11     | Bought a potion of heal wounds for 70 gold pieces
 17628 | D:11     | Bought a potion of heal wounds for 70 gold pieces
 17628 | D:11     | Bought a potion of heal wounds for 70 gold pieces
 17628 | D:11     | Bought a potion of mutation for 112 gold pieces
 17628 | D:11     | Bought a potion of heal wounds for 70 gold pieces
 18568 | D:12     | Reached XP level 15. HP: 118/119 MP: 28/28
 19189 | D:13     | Found a gate to the Vaults.
 19501 | D:13     | Received a gift from Okawaru
 20415 | D:14     | Got a bloodstained falchion
 20416 | D:14     | Identified the +6 falchion of Strategic Superiority {pain,
                  | *Rage +Rage Int+7} (You found it on level 14 of the
                  | Dungeon)
 20813 | D:15     | Entered Level 15 of the Dungeon
 20838 | D:15     | Reached skill level 10 in Short Blades
 20838 | D:15     | Reached skill level 10 in Long Blades
 20838 | D:15     | Reached skill level 10 in Maces & Flails
 20838 | D:15     | Reached skill level 10 in Polearms
 20838 | D:15     | Reached skill level 10 in Staves
 20838 | D:15     | Reached skill level 10 in Slings
 20838 | D:15     | Reached skill level 10 in Bows
 20838 | D:15     | Reached skill level 10 in Crossbows
 20838 | D:15     | Reached skill level 10 in Throwing
 20838 | D:15     | Reached skill level 10 in Dodging
 20838 | D:15     | Reached skill level 10 in Stealth
 20838 | D:15     | Reached skill level 10 in Unarmed Combat
 20838 | D:15     | Reached skill level 10 in Spellcasting
 20838 | D:15     | Reached skill level 10 in Evocations
 20842 | D:15     | Received a gift from Okawaru
 20952 | D:15     | Found a staircase to the Depths.
 20967 | D:15     | Received a gift from Okawaru
 21052 | D:15     | Noticed Azrael
 21072 | D:15     | Killed Azrael
 21072 | D:15     | Received a gift from Okawaru
 21561 | D:15     | Found a glowing golden altar of the Shining One.
 21894 | Snake:1  | Entered Level 1 of the Snake Pit
 22445 | Snake:1  | Reached XP level 16. HP: 126/127 MP: 30/30
 23249 | Snake:2  | Received a gift from Okawaru
 23929 | Snake:2  | Noticed a nagaraja
 23956 | Snake:2  | Killed a nagaraja
 24439 | Snake:2  | Found Deapnof's General Store.
 24439 | Snake:2  | Found Qolikor's Assorted Antiques.
 26151 | Snake:3  | Received a gift from Okawaru
 26493 | Snake:3  | Identified the Disquisition on Stones and Cold
 26652 | Snake:4  | Entered Level 4 of the Snake Pit
 26799 | Snake:4  | Noticed Donald
 26814 | Snake:4  | Killed Donald
 26814 | Snake:4  | Reached XP level 17. HP: 135/135 MP: 32/32
 27285 | Snake:4  | Noticed Kirke
 27301 | Snake:4  | Killed Kirke
 27415 | Snake:4  | Received a gift from Okawaru
 27535 | Snake:4  | Received a gift from Okawaru
 27615 | Snake:4  | Received a gift from Okawaru
 28024 | Snake:3  | Received a gift from Okawaru
 28276 | Snake:4  | Got a serpentine rune of Zot
 28421 | Snake:4  | Received a gift from Okawaru
 29022 | Vaults:1 | Entered Level 1 of the Vaults
 29287 | Vaults:1 | Found a runed translucent gate.
 29288 | Vaults:1 | Found a runed translucent gate.
 29289 | Vaults:1 | Found a runed translucent gate.
 29290 | Vaults:1 | Noticed Bioxkugh's ghost (adept GrEE)
 29419 | Vaults:1 | Received a gift from Okawaru
 29570 | Vaults:1 | Reached skill level 10 in Conjurations
 29570 | Vaults:1 | Reached skill level 10 in Hexes
 29570 | Vaults:1 | Reached skill level 10 in Charms
 29570 | Vaults:1 | Reached skill level 10 in Summonings
 29570 | Vaults:1 | Reached skill level 10 in Necromancy
 29570 | Vaults:1 | Reached skill level 10 in Translocations
 29570 | Vaults:1 | Reached skill level 10 in Transmutations
 29570 | Vaults:1 | Reached skill level 10 in Fire Magic
 29570 | Vaults:1 | Reached skill level 10 in Ice Magic
 29570 | Vaults:1 | Reached skill level 10 in Air Magic
 29570 | Vaults:1 | Reached skill level 10 in Earth Magic
 29570 | Vaults:1 | Reached skill level 10 in Poison Magic
 29586 | Vaults:1 | Found Huujodov's Distillery.
 29940 | Vaults:1 | Reached XP level 18. HP: 143/143 MP: 33/33
 30437 | Vaults:1 | HP: 5/143 [frost giant/bolt of cold (35)]
 30455 | Vaults:1 | Received a gift from Okawaru
 30751 | Vaults:1 | Found the +9 heavy crossbow "Sniper" {velocity, Acc+∞ SInv}
 31109 | Vaults:2 | Received a gift from Okawaru
 31144 | Vaults:2 | HP: 7/143 [ettin/+2 dire flail of draining (28)]
 31144 | Vaults:2 | Slain by an ettin

Levels and vault maps discovered:
D:1:      dpeg_arrival_stone_temple_mockup, layout_basic
D:2:      layout_loops_ring, doesnt_xom_only_xom
D:3:      layout_basic, gup_sewer_entry_glass
D:4:      layout_rooms, marbit_many_paths, chequers_temple_overflow_minitemple
D:5:      layout_rooms, grunt_temple_overflow_bloody_war,
          gammafunk_temple_overflow_claw, first_ration
D:6:      layout_rooms, minmay_temple_entry_arrows, nicolae_ossuary_entry_plus,
          serial_shops, kennysheep_mini, minmay_misc_feat_pillars, st_stairs_10,
          uniq_sigmund
D:7:      layout_loops_ring, gammafunk_ghost_necromancy
D:8:      layout_cave_pods, old_standard_altar
D:9:      layout_long_grid, david_orc_5, nicolae_ru_sacrificial_ziggurat
D:10:     layout_gridville, the_bakery, uniq_erica
D:11:     layout_roguey, minmay_lair_entry_grove, serial_shops, bzr_entry_dummy,
          shop, corexii_hall_statues_u
D:12:     layout_basic
D:13:     layout_cave_pods, grunt_vaults_entry_tiered,
          minmay_misc_feat_more_columns, kennysheep_generic_room_11
D:14:     layout_roguey, nrook_pool_corridor, hex_large
D:15:     gammafunk_depths_entry_grave, layout_rooms,
          nicolae_tso_swordbearing_angel, minmay_door_square, minivault_15,
          uniq_azrael
Lair:1:   layout_regular_city, beast_lair_carwin_8, uniq_sonja
Lair:2:   layout_hall_layers, elwin_shoals_entry_rooms, minmay_lair_oklob_items,
          infiniplex_staircase_pool_2
Lair:3:   layout_big_grid, ebering_ghost_funeral_grove, grunt_megastairs_3
Lair:4:   layout_small_grid, minmay_snake_entry_guardpost_small,
          minmay_lindwurm_lava, serial_bayou_shore_a, serial_bayou_shore_b
Lair:5:   wander_river, layout_long_grid, slime_dummy
Lair:6:   grunt_lair_end_beastmaster, layout_gridlike
Snake:1:  layout_basic, grunt_megastairs_2
Snake:2:  layout_misc_corridors, special_room, serial_bayou_pond_e,
          grunt_megastairs_1, minmay_shoptagon
Snake:3:  layout_honeycomb, lemuel_fruit_tree
Snake:4:  snake_hunt, layout_chambers, serial_bayou_pond_d, grunt_ministairs_10,
          uniq_kirke, uniq_donald
Orc:1:    layout_diamond_mine, gammafunk_ghost_necromancy, lemuel_statue_altar
Orc:2:    st_orc_open, layout_caves
Vaults:1: gammafunk_vaults_ghost_split, vaults_room_stairs_pillars, v_misc_26,
          v_misc_10, hangedman_vaults_locks, nicolae_vaults_stairing_the_circle,
          v_pattern_5, ontoclasm_vaults_loading_screen, vaults_dpeg_diagonal,
          dpeg_vaults_waves, layout_vaults_big_room, serial_shops, shop
Vaults:2: hangedman_vaults_cutoff, vaults_room_corners,
          ontoclasm_vaults_ring_small, v_misc_26, blue_anna_dwarven_crypt,
          nicolae_vaults_diagonal_hallway_7, v_misc_9, ontoclasm_vaults_fault,
          nicolae_vaults_disjoint_gnomons, hangedman_vaults_impose,
          vaults_room_fours, vaults_room_pools, ontoclasm_vaults_shout,
          v_misc_19, layout_vaults_omnibox, uniq_frederick

Skill      XL: |  1  2  3  4  5  6  7  8  9 10 11 12 13 14 15 16 17 18 |
---------------+-------------------------------------------------------+-----
Invocations    | 1 2 3 4 5 6 7 8 9 10 11 12 | 12.9
Short Blades   | 1 2 3 4 5 6 7 8 9 10 11 12 | 12.0
Long Blades    | 1 2 3 4 5 6 7 8 9 10 11 12 | 12.0
Maces & Flails | 1 2 3 4 5 6 7 8 9 10 11 12 | 12.0
Polearms       | 1 2 3 4 5 6 7 8 9 10 11 12 | 12.0
Staves         | 1 2 3 4 5 6 7 8 9 10 11 12 | 12.0
Slings         | 1 2 3 4 5 6 7 8 9 10 11 12 | 12.0
Bows           | 1 2 3 4 5 6 7 8 9 10 11 12 | 12.0
Crossbows      | 1 2 3 4 5 6 7 8 9 10 11 12 | 12.0
Throwing       | 1 2 3 4 5 6 7 8 9 10 11 12 | 12.0
Dodging        | 1 2 3 4 5 6 7 8 9 10 11 12 | 12.0
Stealth        | 1 2 3 4 5 6 7 8 9 10 11 12 | 12.0
Unarmed Combat | 1 2 3 4 5 6 7 8 9 10 11 12 | 12.0
Spellcasting   | 1 2 3 4 5 6 7 8 9 10 11 12 | 12.0
Evocations     | 1 2 3 4 5 6 7 8 9 10 11 12 | 12.0
Conjurations   | 1 2 3 4 5 6 7 8 9 10 | 10.2
Hexes          | 1 2 3 4 5 6 7 8 9 10 | 10.2
Charms         | 1 2 3 4 5 6 7 8 9 10 | 10.2
Summonings     | 1 2 3 4 5 6 7 8 9 10 | 10.2
Necromancy     | 1 2 3 4 5 6 7 8 9 10 | 10.2
Translocations | 1 2 3 4 5 6 7 8 9 10 | 10.2
Transmutations | 1 2 3 4 5 6 7 8 9 10 | 10.2
Fire Magic     | 1 2 3 4 5 6 7 8 9 10 | 10.2
Ice Magic      | 1 2 3 4 5 6 7 8 9 10 | 10.2
Air Magic      | 1 2 3 4 5 6 7 8 9 10 | 10.2
Earth Magic    | 1 2 3 4 5 6 7 8 9 10 | 10.2
Poison Magic   | 1 2 3 4 5 6 7 8 9 10 | 10.2
Axes           | 5 6 7 8 9 10 11 12 | 12.7
Fighting       | 7 8 9 10 11 12 13 | 13.3
Armour         | 7 8 9 10 11 12 13 | 13.3
Shields        | 7 8 9 10 11 12 13 | 13.3

Action                   |  1- 3 |  4- 6 |  7- 9 | 10-12 | 13-15 | 16-18 || total
-------------------------+-------+-------+-------+-------+-------+-------++-------
Melee: War axe           |    64 |   299 |   494 |   520 |   941 |   724 ||  3042
       Bite              |     3 |    28 |    68 |    85 |   160 |   112 ||   456
       Hand axe          |       |       |       |       |    46 |       ||    46
Throw: Boomerang         |       |       |    17 |   112 |   201 |   231 ||   561
 Cast: Animate Dead      |       |       |       |       |     2 |     8 ||    10
       Regeneration      |       |       |       |       |       |     7 ||     7
       Vampiric Draining |       |       |       |       |       |     3 ||     3
Invok: Heroism           |       |       |     3 |    17 |    27 |    38 ||    85
       Finesse           |       |       |       |       |       |     2 ||     2
Evoke: Wand              |       |       |     1 |     1 |     1 |       ||     3
  Use: Potion            |       |     2 |       |     3 |     3 |    11 ||    19
       Scroll            |       |       |    12 |     6 |    17 |     8 ||    43
 Stab: Sleeping          |       |       |     1 |       |    25 |    18 ||    44
       Confused          |       |       |     2 |       |       |       ||     2
       Petrified         |       |       |       |       |     9 |       ||     9
       Distracted        |       |       |       |       |     4 |     5 ||     9
  Eat: Chunk             |       |     9 |    11 |     9 |    29 |    10 ||    68
       Ration            |       |       |       |     4 |     3 |     5 ||    12
Armor: Scale mail        |    27 |    75 |       |       |    16 |       ||   118
       Ring mail         |       |     6 |    35 |       |       |       ||    41
       Plate armour      |       |       |   214 |   271 |   143 |    20 ||   648
       Chain mail        |       |       |       |       |   142 |   222 ||   364
Dodge: Dodged            |    14 |    67 |   134 |   212 |   243 |   251 ||   921
Block: Shield            |    43 |   119 |   321 |   329 |       |   243 ||  1055
       Large shield      |       |       |       |    73 |   777 |   445 ||  1295
       Reflection        |       |       |       |       |       |    25 ||    25

Table legend:
 A = Non-vault XP
 B = Vault XP
 C = Vault XP percentage of total XP
 D = Non-vault monster count
 E = Vault monster count
 F = Vault count percentage of total count
                 A         B        C        D         E       F
            +---------+---------+-------+---------+---------+-------
      Total |  153002 |  119107 |  43.8 |     728 |     323 |  30.7
            +---------+---------+-------+---------+---------+-------
        D:1 |      34 |       0 |   0.0 |      18 |       0 |   0.0
        D:2 |      77 |       0 |   0.0 |      20 |       0 |   0.0
        D:3 |     101 |      31 |  23.5 |      24 |       4 |  14.3
        D:4 |     398 |      70 |  15.0 |      13 |       1 |   7.1
        D:5 |     230 |       3 |   1.3 |      12 |       1 |   7.7
        D:6 |     807 |     303 |  27.3 |      23 |       3 |  11.5
        D:7 |    1494 |       0 |   0.0 |      40 |       0 |   0.0
        D:8 |    1389 |       0 |   0.0 |      15 |       0 |   0.0
        D:9 |    2068 |     629 |  23.3 |      30 |      21 |  41.2
       D:10 |    2429 |    1168 |  32.5 |      29 |       2 |   6.5
       D:11 |    9245 |    1649 |  15.1 |      57 |      12 |  17.4
       D:12 |    3901 |       0 |   0.0 |      38 |       0 |   0.0
       D:13 |    5149 |    6287 |  55.0 |      28 |      27 |  49.1
       D:14 |    4977 |       0 |   0.0 |      21 |       0 |   0.0
       D:15 |    9521 |    6507 |  40.6 |      27 |      14 |  34.1
     Lair:1 |    1440 |    1998 |  58.1 |       8 |       9 |  52.9
     Lair:2 |    1410 |       0 |   0.0 |      10 |       0 |   0.0
     Lair:3 |    7682 |     804 |   9.5 |      35 |       4 |  10.3
     Lair:4 |    7906 |    2770 |  25.9 |      28 |       6 |  17.6
     Lair:5 |    5097 |       0 |   0.0 |      22 |       0 |   0.0
     Lair:6 |    6509 |    7670 |  54.1 |      17 |      17 |  50.0
    Snake:1 |   15086 |    1682 |  10.0 |      37 |       4 |   9.8
    Snake:2 |   24066 |    3031 |  11.2 |      50 |       8 |  13.8
    Snake:3 |   12224 |    2788 |  18.6 |      26 |       3 |  10.3
    Snake:4 |    2563 |   44352 |  94.5 |       5 |      63 |  92.6
      Orc:1 |    1909 |   10560 |  84.7 |      21 |      24 |  53.3
      Orc:2 |     874 |    4970 |  85.0 |      30 |      13 |  30.2
   Vaults:1 |   21528 |   18433 |  46.1 |      41 |      26 |  38.8
   Vaults:2 |    2888 |    2646 |  47.8 |       3 |       4 |  57.1
      Sewer |       0 |      55 | 100.0 |       0 |      20 | 100.0
    Ossuary |       0 |     701 | 100.0 |       0 |      37 | 100.0
            +---------+---------+-------+---------+---------+-------
